 Dungeon Crawl Stone Soup version 0.29.1-12-g30fa7ad0bf (webtiles) character file.

Game seed: 15749615633025842093

6556 hawla the Gelid (level 11, -5/79 HPs)
             Began as a Meteoran Ice Elementalist on Dec 22, 2022.
             Was a Believer of Vehumet.
             Slain by a seven-headed hydra (12 damage)
             ... on level 1 of the Lair of Beasts.
             The game lasted 00:23:53 (4033 turns).

hawla the Gelid (Meteoran Ice Elementalist)         Turns: 4033, Time: 00:23:55

Health: -5/79      AC: 10    Str:  9    XL:     11   Next: 43%
Magic:  20/22      EV: 13    Int: 26    God:    Vehumet [**....]
Gold:   487        SH:  0    Dex: 15    Spells: 6/23 levels left

rFire   . . .      SeeInvis .   q - +5 scimitar (freeze)
rCold   . . .      Faith    .   (no shield)
rNeg    . . .      Spirit   .   v - +0 steam dragon scales
rPois   .          Reflect  .   x - +2 helmet "Ama Xinn" {Int+4}
rElec   .          Harm     .   h - +0 cloak
rCorr   .          Rampage  .   (no gloves)
Will    +....                   m - +0 pair of boots
Stlth   +.........              (no amulet)
HPRegen 0.23/turn               (no ring)
MPRegen 0.18/turn               (no ring)

@: freezing walls, glowing
A: sense surroundings 2, otherworldly, glowing, explore regen
a: Renounce Religion


You were on level 1 of the Lair of Beasts.
You worshipped Vehumet.
Vehumet was pleased with you.
You visited 3 branches of the dungeon, and saw 10 of its levels.
You also visited: Ossuary.

You collected 681 gold pieces.
You spent 194 gold pieces at shops.

Inventory:

Hand Weapons
 c - the +4 hand axe of Moral Flaws {drain, rF- rC+++ Will+ Int+3}
   (You found it on level 7 of the Dungeon)

   A truly terrible weapon, it drains the life of any living foe it strikes.
   Int:       It affects your intelligence (+3).
   rF:        It makes you vulnerable to fire.
   rC:        It renders you almost immune to cold.
   Will:      It increases your willpower.
 q - a +5 scimitar of freezing (weapon)
Armour
 h - a +0 cloak (worn)
 m - a +0 pair of boots (worn)
 v - +0 steam dragon scales (worn)
 x - the +2 helmet "Ama Xinn" (worn) {Int+4}
   (You found it on level 8 of the Dungeon)

   Int:       It affects your intelligence (+4).
Magical Staves
 r - a staff of cold
Wands
 b - a wand of mindburst (6)
 o - a wand of paralysis (1)
 s - a wand of acid (18) (quivered)
Scrolls
 a - a scroll of identify
 f - 2 scrolls of teleportation
 i - 2 scrolls of vulnerability
 j - a scroll of fog
 k - a scroll of silence
 u - a scroll of enchant armour {unknown}
 w - a scroll of immolation {unknown}
Potions
 d - 2 potions of brilliance
 e - 3 potions of curing
 g - a potion of ambrosia
 n - a potion of degeneration {unknown}
 p - a potion of lignification {unknown}
 t - a potion of heal wounds {unknown}


   Skills:
 + Level 1.9 Fighting
 - Level 0.9(1.2) Short Blades
 + Level 1.3(1.5) Long Blades
 + Level 3.3 Dodging
 - Level 1.4 Stealth
 + Level 6.9 Spellcasting
 + Level 5.6 Conjurations
 + Level 15.7 Ice Magic
 + Level 0.1 Air Magic
 + Level 2.1 Evocations


You had 6 spell levels left.
You knew the following spells:

 Your Spells              Type           Power      Damage    Failure   Level
a - Freeze                Ice            100%       1d11      0%          1
b - Frozen Ramparts       Ice            100%       1d16      1%          3
c - Hailstorm             Conj/Ice       59%        3d13      1%          4
d - Ozocubu's Refrigerat  Ice            37%        4d15      9%          7
e - Poisonous Vapours     Pois/Air       18%        N/A       10%         2

Your spell library contained the following spells:

 Spells                   Type           Power      Damage    Failure   Level
 Magic Dart               Conj           100%       1d8       1%          1
 Ozocubu's Armour         Ice            74%        N/A       1%          3
 Mephitic Cloud           Conj/Pois/Air  18%        N/A       9%          3
 Call Imp                 Summ           9%         N/A       10%         2
 Animate Armour           Summ/Erth      18%        N/A       54%         4
 Cause Fear               Hex            4%         N/A       54%         4
 Blade Hands              Tmut           4%         N/A       87%         5
 Iron Shot                Conj/Erth      11%        9d3       97%         6
 Dragon Form              Tmut           4%         N/A       100%        7
 Dragon's Call            Summ           4%         N/A       100%        9


Dungeon Overview and Level Annotations

Branches:
Dungeon (8/15) Zot: 1369   Temple (1/1) D:6 Zot: 396    Lair (1/5) D:8 Zot: 276
Ossuary (visited)

Altars:
Ashenzari
Cheibriados
Dithmenos
Elyvilon
Fedhas
Hepliaklqana
Kikubaaqudgha
Makhleb
Nemelex Xobeh
Okawaru
Qazlal
Sif Muna
Trog
Vehumet
Wu Jian
Xom
Yredelemnul
Zin

Shops:
D:6 *


Innate Abilities, Weirdness & Mutations

You passively map the area around you.
You are easily found by Zot.
You glow in the dark.
You regain HP and MP as you explore.


Message History

The five-headed hydra bites you but does no damage. x2
The five-headed hydra misses you.
You completely miss the five-headed hydra.
The five-headed hydra is heavily wounded.
The wall freezes the five-headed hydra!
The five-headed hydra completely misses you.
The five-headed hydra bites you but does no damage.
The five-headed hydra bites you! x3
You hack one of the five-headed hydra's heads off!
The four-headed hydra grows two more!
You hit the six-headed hydra.
The six-headed hydra seems to slow down.
You freeze the six-headed hydra.
The six-headed hydra is severely wounded.
You lop one of the six-headed hydra's heads off!
The five-headed hydra grows two more!
You slash the seven-headed hydra!
The seven-headed hydra seems to slow down.
You freeze the seven-headed hydra.
The seven-headed hydra is severely wounded.
The wall freezes the seven-headed hydra.
The seven-headed hydra seems to slow down.
The seven-headed hydra completely misses you.
The seven-headed hydra bites you! x2; The seven-headed hydra misses you.
The seven-headed hydra bites you but does no damage.
The seven-headed hydra bites you.
* * * LOW HITPOINT WARNING * * *
The seven-headed hydra bites you.
* * * LOW HITPOINT WARNING * * *
Aiming: Paralyse
Press: ? - help, Shift-Dir - straight line, f/p - seven-headed hydra
Aim: a seven-headed hydra (severely wounded, slow, chance to affect: 21%)
The seven-headed hydra resists with almost no effort.
The wall freezes the seven-headed hydra!
The seven-headed hydra seems to slow down.
The seven-headed hydra bites you but does no damage.
The seven-headed hydra closely misses you.
The seven-headed hydra bites you!
* * * LOW HITPOINT WARNING * * *
The seven-headed hydra bites you but does no damage.
The seven-headed hydra bites you!
You die...

##.........#
##.........##
##..........#
##...........#
###............##
#......##.......#
##.....###......##
#.#.....###........#
#...@..# ##......##
#....D### #.......#
*#.....#.
##......####
#.....#*##
#.......... #.....
#.......... #...##
##.......... #...
#........... #.# *
#P.......... *
##..........


You could see a seven-headed hydra (slow).

Vanquished Creatures
  A hydra (Lair:1)
  A black mamba (Lair:1)
  2 elephants (Lair:1)
  2 cane toads (Lair:1)
  A troll (D:8)
  2 hornets (D:8)
  2 wyverns
  A yak (Lair:1)
  A steam dragon (D:8)
  5 water moccasins
  A black bear (D:5)
  3 orc warriors
  4 ice beasts
  3 ogres
  2 phantoms (D:5)
  4 bullfrogs
  3 necrophages
  2 kobold brigands (D:8)
  A scorpion (D:6)
  4 wights (D:6)
  2 howler monkeys
  A centaur zombie (Ossuary)
  A human zombie (Ossuary)
  3 hounds
  2 orc priests
  A gnoll bouda (D:7)
  5 iguanas
  5 orc wizards
  2 mummies (Ossuary)
  6 adders
  3 gnolls (D:7)
  2 ufetubi
  A worm (D:2)
  13 orcs
  3 endoplasms
  2 goblins (D:2)
  3 hobgoblins
  4 quokkas
  2 ball pythons
  3 bats
  A frilled lizard (D:2)
  4 gnoll zombies (Ossuary)
  A goblin zombie (Ossuary)
  2 hobgoblin zombies (Ossuary)
  15 kobolds
  5 orc zombies (Ossuary)
  5 rats
  2 butterflies (Lair:1)
144 creatures vanquished.

Vanquished Creatures (others)
  2 fungi (Lair:1)
  A plant (Lair:1)
3 creatures vanquished.

Grand Total: 147 creatures vanquished

Notes
Turn   | Place    | Note
-------+----------+-------------------------------------------
     0 | D:1      | hawla the Meteoran Ice Elementalist began the quest for the
                  | Orb.
     0 | D:1      | Reached XP level 1. HP: 14/14 MP: 5/5
   142 | D:1      | Reached XP level 2. HP: 9/20 MP: 4/6
   291 | D:2      | Reached XP level 3. HP: 18/26 MP: 4/8
   308 | D:1      | Learned a level 3 spell: Frozen Ramparts
   313 | D:2      | Reached skill level 5 in Ice Magic
   348 | D:2      | Reached XP level 4. HP: 27/33 MP: 5/10
   412 | D:3      | Learned a level 4 spell: Hailstorm
   483 | D:4      | Reached XP level 5. HP: 38/38 MP: 6/12
   668 | D:4      | Noticed an ogre
   674 | D:4      | Killed an ogre
   675 | D:4      | Reached XP level 6. HP: 41/45 MP: 2/13
   797 | D:4      | Identified the +1 chain mail "Isir Feluh" {-Cast Dex+8}
   808 | D:4      | Reached skill level 5 in Conjurations
  1117 | D:5      | Entered Level 5 of the Dungeon
  1161 | D:5      | Reached XP level 7. HP: 15/51 MP: 14/14
  1264 | D:5      | Reached skill level 1 in Fighting
  1264 | D:5      | Reached skill level 6 in Ice Magic
  1269 | D:5      | Reached skill level 5 in Spellcasting
  1332 | D:5      | Reached XP level 8. HP: 34/59 MP: 14/17
  1340 | D:5      | Learned a level 7 spell: Ozocubu's Refrigeration
  1410 | D:5      | Reached skill level 7 in Ice Magic
  1661 | D:6      | Reached skill level 8 in Ice Magic
  1695 | D:6      | Reached skill level 9 in Ice Magic
  1695 | D:6      | Gained mutation: You passively map the area around you.
                  | [Meteoran growth]
  1695 | D:6      | Reached XP level 9. HP: 28/64 MP: 2/18
  1706 | D:6      | Found a staircase to the Ecumenical Temple.
  1713 | Temple   | Entered the Ecumenical Temple
  1884 | Temple   | Became a worshipper of Vehumet
  1960 | D:6      | Reached skill level 10 in Ice Magic
  1964 | D:6      | Found Taoczyu's Gadget Gallery.
  1969 | D:6      | Bought a wand of mindburst (7) for 98 gold pieces
  1969 | D:6      | Bought a wand of paralysis (4) for 96 gold pieces
  2372 | D:6      | HP: 1/64 [ice beast (9)]
  2385 | D:6      | Reached skill level 11 in Ice Magic
  2435 | D:7      | Identified the +4 hand axe of Moral Flaws {drain, rF- rC+++
                  | Will+ Int+3}
  2487 | D:7      | Found a basalt altar of Yredelemnul.
  2606 | D:7      | Found a sand-covered staircase.
  2615 | Ossuary  | Entered an ossuary
  2640 | Ossuary  | Reached * piety under Vehumet
  2640 | Ossuary  | Offered knowledge of Sandblast by Vehumet.
  2656 | Ossuary  | Reached skill level 12 in Ice Magic
  2910 | D:7      | Reached XP level 10. HP: 72/72 MP: 17/19
  3205 | D:8      | Reached skill level 13 in Ice Magic
  3208 | D:8      | Offered knowledge of Poisonous Vapours by Vehumet.
  3221 | D:8      | Reached ** piety under Vehumet
  3288 | D:8      | Reached skill level 14 in Ice Magic
  3412 | D:8      | Identified the +2 helmet "Ama Xinn" {Int+4}
  3427 | D:8      | Found a staircase to the Lair.
  3461 | D:8      | Paralysed by a hornet for 3 turns
  3715 | Lair:1   | Entered Level 1 of the Lair of Beasts
  3766 | Lair:1   | Noticed a cane toad
  3767 | Lair:1   | Killed a cane toad
  3771 | Lair:1   | Noticed a six-headed hydra
  3781 | Lair:1   | Killed a six-headed hydra
  3782 | Lair:1   | Reached skill level 15 in Ice Magic
  3782 | Lair:1   | Reached XP level 11. HP: 50/78 MP: 0/20
  3785 | Lair:1   | Learned a level 2 spell: Poisonous Vapours
  3850 | Lair:1   | Noticed a black mamba
  3855 | Lair:1   | Killed a black mamba
  3925 | Lair:1   | Noticed an elephant
  3926 | Lair:1   | Noticed an elephant
  3929 | Lair:1   | Killed an elephant
  3929 | Lair:1   | Noticed an elephant
  3930 | Lair:1   | Reached skill level 1 in Long Blades
  3938 | Lair:1   | Killed an elephant
  4027 | Lair:1   | Noticed a five-headed hydra
  4033 | Lair:1   | Slain by a seven-headed hydra

Illustrated notes

Levels and vault maps discovered:
D:1:      psy_arrival_statuary, layout_loops_ring
D:2:      layout_rooms, hellmonk_ecumenical_altar_lost_god, minmay_pentomino_z2,
          uniq_robin
D:3:      layout_basic, minitemple, serial_shops, shop,
          minmay_randomly_rotated_circles, uniq_crazy_yiuf_cottage, uniq_grinder
D:4:      layout_gridville, fountainhead
D:5:      layout_cave_pools
D:6:      layout_rooms, minmay_temple_entry_slanted, st_stairs_13,
          nicolae_shop_gadgets
D:7:      layout_rooms, mainiacjoe_overflow_small_starburst, enter_ossuary_5,
          grunt_ministairs_12, mrwooster_statue_mirror, grunt_decor_resistance
D:8:      layout_rooms, lair_entry_dummy, chequers_serial_rivers_small_a
Temple:   bh_familiar_temple
Lair:1:   layout_hall_layers, grunt_megastairs_3, lemuel_fruit_fields,
          infiniplex_staircase_pool_2

Skill      XL: |  1  2  3  4  5  6  7  8  9 10 11 |
---------------+----------------------------------+-----
Spellcasting   | 3 4 5 6 |  6.9
Ice Magic      | 5 6 9 12 15 | 15.7
Conjurations   | 2 4 5 |  5.6
Fighting       | 1 |  1.9
Evocations     | 2 |  2.1
Dodging        | 3 |  3.3
Long Blades    | 1 |  1.3
Short Blades   | |  0.9
Stealth        | |  1.4
Air Magic      | |  0.1

Action                   |  1- 3 |  4- 6 |  7- 9 | 10-12 || total
-------------------------+-------+-------+-------+-------++-------
Melee: Unarmed           |     3 |     3 |       |       ||     6
       Dagger            |       |    32 |     2 |       ||    34
       Punch             |       |     2 |     1 |       ||     3
       Long sword        |       |       |    64 |       ||    64
       Scimitar          |       |       |    27 |    20 ||    47
 Cast: Freeze            |    18 |    25 |    25 |     6 ||    74
       Frozen Ramparts   |     2 |     7 |    17 |    15 ||    41
       Hailstorm         |       |     2 |    36 |    12 ||    50
       Ozocubu's Refrige |       |       |       |     8 ||     8
       Poisonous Vapours |       |       |       |     1 ||     1
Evoke: Wand              |       |       |     1 |     6 ||     7
  Use: Scroll            |     1 |     4 |     7 |     1 ||    13
       Potion            |       |       |     3 |     1 ||     4
Armor: Robe              |     7 |    21 |    53 |     1 ||    82
       Steam dragon scal |       |       |       |    14 ||    14
Dodge: Dodged            |    13 |    16 |    91 |    34 ||   154
